woodfighter, chaotic female elven Rogue -------- ----- ---------------- |....}.| |.}}| |!%!!!%%%%%]%@.| -------- |{..}.}|### #-}}}| |%%]%!%%%%!%!!.+) |).....| |..}}..| # #|}..| |%!%%%%%%%%%!!@|# |.......# |..}}..| ###|...| |%%%(%%%%%(%!.m|# |...%..|# |>.}}}}| #....| ----------------# --|-----# |...}..| #|...| # # # -------- ---.---- %----- # ### ### |.......# ## ### # # # |...<..|# # # # # ###|......|# ### # #####` ##### # # #.......|### # # #-----.-|--.----- -------- # ####### # ---- #|..............| ### --------------|-) |$$| #|..............| # |..............-# |$$| #|..............| ###|..............| ---- #-..............| #...............| ---------------- |..............| ---------------- woodfighter the Cutpurse Experience level: 5 Strength: 15 Dexterity: 19 Constitution: 13 Intelligence: 9 Wisdom: 10 Charisma: 9 Health: 0(34) Energy: 24(24) Def: 3 Gold: 0 Moves: 2292 Dungeon seed: 214H2LAYeBh9Qyz5 Game ID: woodfighter_1515443912 Your Inventory: Weapons a - a blessed +1 silver saber (weapon in hand) b - 13 +0 elven daggers (in quiver) o - a cursed -2 elven dagger C - a +0 elven short sword Armor e - an uncursed +1 leather armor (being worn) n - a blessed +0 pair of jumping boots q - an uncursed +1 orcish helm r - an uncursed +0 orcish helm z - an uncursed +0 dwarvish cloak B - a blessed +1 oilskin cloak N - a cursed -1 pair of fumble boots Y - an uncursed +0 orcish helm Comestibles v - 2 uncursed food rations x - an uncursed eucalyptus leaf J - an uncursed lichen corpse Wands h - a wand of opening (0:3) K - a wand of enlightenment (0:11) Tools g - an uncursed blindfold s - an uncursed sack y - an uncursed lock pick Contents of the sack: 567 gold pieces 2 [uncursed] scrolls of scare monster a [uncursed] potion of confusion an uncursed potion of sickness a [cursed] ring of teleportation Spells and supernatural/magical abilities: Name Level Category Fail Memory W - pray for help -- divine ? -- Your skills at the end: Miscellaneous Skills wands [Basic] Weapon Skills dagger [Basic] short sword [Basic] saber [Basic] Spellcasting Skills Final Attributes: You were piously aligned. You were sleep resistant. You were telepathic. You had infravision. You were stealthy. You were held by a giant mimic. You are dead. Vanquished creatures: a ghost a housecat a gray ooze a floating eye 2 iguanas a jitterbug a coyote 3 hobbits 2 acid blobs a gecko a hobgoblin 3 cave spiders a red mold 2 garter snakes a gnome zombie 3 jackals 5 newts 3 goblins 7 grid bugs 2 lichens 3 kobold zombies 45 creatures vanquished. Voluntary challenges: You did not adorn yourself with jewelry or accessories. You did not cause conflict. You were not invisible. You did not have reflection. You were not displaced. You were an atheist. You used a wielded weapon 73 times, starting on turn 2. You did not apply a unicorn horn. You did not use plumbed fixtures. You did not drink any magical draughts. You were illiterate. You never genocided any monsters. You never polymorphed an object. You never changed form. You used no wishes. You never split a pudding. You never wrote Elbereth's name. You never violated your personal moral code. Dungeon overview: The Dungeons of Doom: levels 1 to 6 Level 1 (vault) some fountains a long staircase Level 2 (water) a bookstore, many fountains, a sink Level 3 (water + vault) a fountain Level 4 a weapon shop stairs to The Gnomish Mines Level 5 <- You were here a delicatessen, a fountain Level 6 The Gnomish Mines: Level 5 stairs to The Dungeons of Doom History has recorded: On T:1 you entered the Dungeons of Doom to retrieve the Amulet of Yendor! On T:23 you reached level 2 of The Dungeons of Doom. On T:731 you reached level 3 of The Dungeons of Doom. On T:733 you advanced to experience level 2. On T:1034 you advanced to experience level 3. On T:1075 you reached level 4 of The Dungeons of Doom. On T:1441 you reached level 1 of The Gnomish Mines. On T:1620 you reached level 5 of The Dungeons of Doom. On T:1637 you advanced to experience level 4. On T:1891 you advanced to experience level 5. On T:1991 you reached level 6 of The Dungeons of Doom. Score breakdown: Gold: 567 ( 56 points) Experience: 5 levels ( 400 points) Exploration: 6 levels ( 150 points) Discoveries: 9 items ( 450 points) Variety of kills: 21 monsters ( 1050 points) Major goal: (nothing yet) ( 0 points) Survival: died (score multiplied by 3) Total score: 6318 Latest messages: "I don't know you." "Please follow me." You hear Berbek cursing shoplifters. Suddenly, the guard disappears. You finish searching. With great effort you move the boulder. You try to move the boulder, but in vain. The door opens. Something is written here in the dust. You read: "ac cc ? iun". There is an open door here. You see here an uncursed sack. s - an uncursed sack. You see here a broad pick. "Hello, woodfighter! Welcome to Berbek's delicatessen!" The door closes. Wait! That's a giant mimic! You slash the giant mimic! The giant mimic claws you! (2x) You hack the giant mimic! You slash the giant mimic. You slash the giant mimic! You hack the giant mimic! The giant mimic claws you! You die... Berbek gratefully inherits all your possessions. Final status: Goodbye woodfighter the Rogue, killed by a giant mimic... You died in The Dungeons of Doom on dungeon level 5 with 6318 points, and 567 pieces of gold, after 2292 moves. You were level 5 with a maximum of 34 hit points when you died.